 Dungeon Crawl Stone Soup version 0.16.1 (console) character file.

221 gw the Skirmisher (level 5, 0/46 HPs)
             Began as a Draconian Fighter on Mar 23, 2015.
             Was an Initiate of Okawaru.
             Slain by an orc wizard
             ... wielding a +0 dagger
              (4 damage)
             ... on level 5 of the Dungeon.
             The game lasted 00:04:35 (3424 turns).

gw the Skirmisher (Draconian Fighter)               Turns: 3424, Time: 00:04:35

Health: 0/46       AC:  7    Str: 18    XL:     5   Next: 65%
Magic:  6/6        EV: 11    Int:  8    God:    Okawaru [......]
Gold:   152        SH:  9    Dex: 15    Spells: 0 memorised, 4 levels left

rFire  . . .     SeeInvis +     b - +1 flail
rCold  . . .     Clarity  .     (armour unavailable)
rNeg   . . .     SustAb   .     c - +0 shield
rPois  .         Gourm    .     (helmet restricted)
rElec  .         Spirit   .     (no cloak)
rCorr  .         Warding  .     n - +0 pair of gloves
rMut   .         Stasis   .     d - +0 pair of boots
MR     .....                    (no amulet)
Stlth  +.........               a - ring of see invisible
                                l - +3 ring of dexterity

@: lethally poisoned (0 -> -5), not resistant to hostile enchantments, very
unstealthy
A: unfitting armour, cold-blooded, AC +5
a: Renounce Religion


You were on level 5 of the Dungeon.
You worshipped Okawaru.
Okawaru was noncommittal.
You were not hungry.

You visited 1 branch of the dungeon, and saw 5 of its levels.

You collected 152 gold pieces.

Inventory:

Hand weapons
 b - a +1 flail (weapon)
Missiles
 h - 119 stones (quivered)
Armour
 c - a +0 shield (worn)
 d - a +0 pair of boots (worn)
 n - a +0 pair of gloves (worn)
Jewellery
 a - a ring of see invisible (right hand)
 l - a +3 ring of dexterity (left hand)
Scrolls
 e - a scroll of remove curse
 k - 2 scrolls of blinking
 m - 4 scrolls of identify
Potions
 j - a potion of restore abilities
Comestibles
 f - 3 bread rations
 i - a slice of pizza
 p - a meat ration


   Skills:
 + Level 4.1 Fighting
 * Level 4.0 Maces & Flails
 + Level 1.7 Throwing
 + Level 3.1 Dodging
 + Level 3.4 Shields
 + Level 1.4 Invocations


You had 4 spell levels left.
You didn't know any spells.

Dungeon Overview and Level Annotations

Branches:
Dungeon (5/15)
 Temple: D:4-7

Altars:
Cheibriados
Fedhas
Okawaru
Zin
The Shining One


Innate Abilities, Weirdness & Mutations

Your plain brown scales are hard (AC +5).
Your body does not fit into most forms of armour.
Your cold-blooded metabolism reacts poorly to cold.


Message History

The orc wizard casts a spell at you. The puff of frost hits you!
The orc wizard gestures at you while chanting.
The magic dart hits you! The orc wizard barely misses you.
The orc closely misses you.
The jackal skeleton bites you but does no damage.
The orc wizard barely misses you.
The orc wizard gestures at you while chanting.
The puff of flame misses you.
The puff of flame hits the orc wizard.
The orc wizard points at you and mumbles some strange words.
The puff of flame hits you!
Unknown command.
Unknown command.
Unknown command.
Unknown command.
ATTACK MOVE TO (-1,-1)
You hit the orc wizard!
The orc wizard is severely wounded.
You feel sick. The orc wizard hits you with a dagger.
You die... ... ..... .... )... #..# #o.# ##o.### #oZoo.#

#.do..#
#.oo..#
#.....#
#.....#
#.....#
#.....#
#######


You could see 4 orc wizards, 4 orcs and a jackal skeleton.

Table legend:
 A = Turns spent in this place as a percentage of turns spent in the entire game.
 B = Non-inter-level travel turns spent in this place as a percentage of non-inter-level travel turns spent in the entire game.
 C = Inter-level travel turns spent in this place as a percentage of turns spent in this place.
 D = Turns resting spent in this place as a percentage of non-inter-level travel turns spent in this place.
 E = Turns spent auto-exploring this place as a percentage of non-inter-level travel turns spent in this place.
 F = Non-inter-level travel turns spent in this place divided by the number of levels of this place that you've seen.
                   A       B       C       D       E      F
               +-------+-------+-------+-------+-------+----------------------
         Total | 100.0 | 100.0 |   0.3 |   0.8 |   2.5 | 1164.0
       Dungeon | 100.0 | 100.0 |   0.3 |   0.8 |   2.5 | 1164.0
               +-------+-------+-------+-------+-------+----------------------

Table legend:
 A = Kills in this place as a percentage of kills in entire the game.
 B = Kills by you in this place as a percentage of kills by you in the entire game.
 C = Kills by friends in this place as a percentage of kills by friends in the entire game.
 D = Other kills in this place as a percentage of other kills in the entire game.
 E = Experience gained in this place as a percentage of experience gained in the entire game.
 F = Experience gained in this place divided by the number of levels of this place that you have seen.
                   A       B       C       D       E      F
               +-------+-------+-------+-------+-------+----------------------
         Total | 100.0 | 100.0 |  -nan |  -nan | 100.0 |  63.2
       Dungeon | 100.0 | 100.0 |  -nan |  -nan | 100.0 |  63.2
               +-------+-------+-------+-------+-------+----------------------

Vanquished Creatures
  An orc priest (D:5)
  2 orc wizards (D:3)
  4 adders
  A giant mite (D:2)
  A giant gecko (D:1)
  8 orcs (D:3)
  6 giant cockroaches
  12 goblins
  13 hobgoblins
  11 jackals
  7 kobolds
  9 bats
  3 giant newts
  7 rats
85 creatures vanquished.

Vanquished Creatures (others)
  A hobgoblin (D:3)
1 creature vanquished.

Grand Total: 86 creatures vanquished

Notes
Turn   | Place    | Note
--------------------------------------------------------------
     0 | D:1      | gw, the Draconian Fighter, began the quest for the Orb.
     0 | D:1      | Reached XP level 1. HP: 19/19 MP: 1/1
   163 | D:1      | Reached XP level 2. HP: 26/26 MP: 2/2
   808 | D:2      | Reached skill level 1 in Throwing
   808 | D:2      | Reached XP level 3. HP: 31/31 MP: 3/3
  1133 | D:2      | Found an iron altar of Okawaru.
  1146 | D:2      | Became a worshipper of Warmaster Okawaru
  1399 | D:2      | Reached XP level 4. HP: 39/39 MP: 4/4
  2127 | D:3      | Reached skill level 1 in Invocations
  2390 | D:3      | Found a glowing golden altar of the Shining One.
  2527 | D:3      | Reached XP level 5. HP: 44/46 MP: 5/5
  2789 | D:3      | Found a blossoming altar of Fedhas.
  2844 | D:3      | Found a snail-covered altar of Cheibriados.
  2920 | D:3      | Found a glowing silver altar of Zin.
  3128 | D:3      | Reached skill level 4 in Fighting
  3414 | D:4      | You fall through a shaft!
  3414 | D:5      | Entered Level 5 of the Dungeon
  3424 | D:5      | Slain by an orc wizard

Action                   |  1- 3 |  4- 6 || total
-------------------------+-------+-------++-------
Melee: Flail             |   109 |   123 ||   232
Throw: Stone             |    86 |    95 ||   181
       Tomahawk          |       |     9 ||     9
  Use: Potion            |     3 |     5 ||     8
       Scroll            |     3 |     4 ||     7
  Eat: Chunk             |     2 |     6 ||     8

Vault maps used:
D:1:      dpeg_arrival_stonehenge_8_columns
D:2:      okawaru_ov_weapons_minmay, first_bread, st_stairs_2,
          minmay_fountain_box
D:3:      lemuel_crystal_altar, overflow_temple_1_default, lemuel_crystal_altar,
          old_standard_altar, lemuel_old_faithful
D:4:      minmay_temple_entry_mist, serial_shops, kennysheep_little_box,
          minmay_tree_intersection, interstate_on_off
D:5:      lemuel_insect_pit
